 Dungeon Crawl Stone Soup version 0.31-a0-175-g9f7f995f2b (webtiles) character file.

Game seed: 14681313287998891520

2598 Pooter the Cleaver (level 9, 0/82 HPs)
             Began as a Minotaur Fighter on June 17, 2023.
             Was a Believer of Okawaru.
             Killed from afar by a white imp (5 damage)
             ... with a puff of frost
             ... on level 6 of the Dungeon on June 18, 2023.
             The game lasted 00:22:32 (5454 turns).

Pooter the Cleaver (Minotaur Fighter)               Turns: 5454, Time: 00:22:33

Health: 0/82       AC: 13    Str: 25    XL:     9   Next: 33%
Magic:  8/8        EV:  6    Int:  5    God:    Okawaru [**....]
Gold:   32         SH:  4    Dex: 10    Spells: 8/8 levels left

rFire   . . .        a - +1 war axe (heavy)
rCold   . . .        c - +0 buckler
rNeg    + . .        E - +0 plate armour
rPois   .            (helmet restricted)
rElec   .            n - +0 cloak
rCorr   .            B - +0 pair of gloves
SInv    .            (no boots)
Will    .....        (no amulet) Stlth
                     N - ring of positive energy
HPRegen 0.33/turn    (no ring)
MPRegen 0.11/turn

%: no passive effects
@: mighty
A: horns 2, retaliatory headbutt
a: Renounce Religion, Heroism


You were on level 6 of the Dungeon.
You worshipped Okawaru.
Okawaru was pleased with you.
You visited 2 branches of the dungeon, and saw 7 of its levels.
You also visited: Sewer.

You collected 204 gold pieces.
You spent 172 gold pieces at shops.

Inventory:

Hand Weapons
 a - a +1 heavy war axe (weapon)
   (You bought it in a shop on level 1 of the Dungeon)
 b - a +0 sling
   (You took it off a goblin on level 3 of the Dungeon)
 y - a +4 flail of holy wrath
   (You took it off Edmund on level 5 of the Dungeon)
 C - a +0 war axe
Missiles
 i - 10 poisoned darts (quivered)
 v - 2 boomerangs
 Q - 43 stones
Armour
 c - a +0 buckler (worn)
 n - a +0 cloak (worn)
   (You found it on level 3 of the Dungeon)
 B - a +0 pair of gloves (worn)
   (You found it on level 5 of the Dungeon)
 E - a +0 plate armour (worn)
   (You took it off an orc warrior on level 5 of the Dungeon)
Jewellery
 N - a ring of positive energy (left hand)
   (You found it on level 3 of the Dungeon)
Wands
 d - a wand of roots (1)
   (You found it in a sewer)
 f - a wand of flame (18)
   (You found it on level 5 of the Dungeon)
Scrolls
 e - a scroll of blinking
 h - 2 scrolls of vulnerability {!r}
 l - a scroll of enchant armour
 p - a scroll of enchant weapon {unknown}
 s - a scroll of fear {unknown}
 x - a scroll of amnesia {unknown}
 A - a scroll of butterflies {unknown}
Potions
 g - a potion of mutation {!q}
 j - 3 potions of brilliance {unknown}
 k - a potion of resistance
 m - 2 potions of magic {unknown}
 o - a potion of enlightenment {unknown}
 q - 4 potions of heal wounds {unknown}
 r - 2 potions of cancellation {unknown}
 u - 2 potions of curing {@q1}
 w - a potion of attraction {unknown}
 z - a potion of invisibility {unknown}
 D - 4 potions of haste {@q3}


   Skills:
 + Level 8.4 Fighting
 * Level 10.9 Axes
 * Level 7.1 Ranged Weapons
 - Level 3.6 Armour
 - Level 3.6 Shields


You had 8 spell levels left.
You didn't know any spells.
Your spell library contained the following spells:

 Spells                   Type           Power      Damage    Failure   Level
 Necrotise                Necr           0%         1d4       100%        1
 Hailstorm                Conj/Ice       0%         3d3       100%        3
 Portal Projectile        Hex/Tloc       0%         N/A       100%        3
 Vampiric Draining        Necr           0%         2d6       100%        3
 Ice Form                 Ice/Tmut       0%         N/A       100%        4
 Agony                    Necr           0%         N/A       100%        5
 Blade Hands              Tmut           0%         N/A       100%        5
 Tukima's Dance           Hex            Unusable   N/A       N/A         3
 Simulacrum               Ice/Necr       Unusable   N/A       N/A         6

Dungeon Overview and Level Annotations

Branches:
Dungeon (6/15)             Temple (1/1) D:5           Sewer (visited)

Altars:
Ashenzari
Cheibriados
Dithmenos
Fedhas
Hepliaklqana
Kikubaaqudgha
Makhleb
Okawaru
Uskayaw
Vehumet
Xom

Shops:
D:1 (

Annotations:
D:6 Dowan


Innate Abilities, Weirdness & Mutations

You have a pair of horns on your head.
You reflexively headbutt those who attack you in melee.


Message History

* * * LOW HITPOINT WARNING * * *
The bullfrog moves out of view.
You feel very mighty all of a sudden.
You feel sick. Duvessa hits you with a +0 short sword.
* * * LOW HITPOINT WARNING * * *
The adder bites you but does no damage.
You slice Duvessa!!
You kill Duvessa!
Okawaru accepts your kill.
You hear a distant wail of despair.
You slash the adder!
You kill the adder!
Okawaru accepts your kill.
You feel sick.
Something shouts, "Run away, thou foisting dizzy-eyed fustilarian!"
Dowan, Brother of Duvessa comes into view.
He is wielding a +1 dagger of flaming.
Your Ranged Weapons skill increases to level 7!
The bullfrog gives a loud, deep croak!
You slice the bullfrog!!
You kill the bullfrog!
Okawaru accepts your kill.
You feel sick.
You are no longer poisoned.
Dowan seems to find hidden reserves of power!
Dowan casts a spell.
Dowan blinks!
A white imp comes into view.
The white imp shouts, "Escape, thou quaking moon-mazed fleecer!"
Items here: ) [ ††.
Dowan gestures at you while chanting. The shard of ice hits you!!
* * * LOW HITPOINT WARNING * * *
You closely miss Dowan. Dowan barely misses you. You furiously retaliate!
You headbutt Dowan!!
Dowan hits you with a +1 dagger of flaming.
* * * LOW HITPOINT WARNING * * *
Dowan burns you.
* * * LOW HITPOINT WARNING * * *
You miss Dowan.
Dowan hits you with a +1 dagger of flaming.
* * * LOW HITPOINT WARNING * * *
Dowan burns you.
* * * LOW HITPOINT WARNING * * *
A scorpion comes into view.
Dowan hits you with a +1 dagger of flaming.
* * * LOW HITPOINT WARNING * * *
Dowan burns you.
* * * LOW HITPOINT WARNING * * *
The white imp gestures at you. The puff of frost hits you.
You die...

#.# #.. #... #.# #.#
#....
#.####.####....
#............#
##.####...........?#
.......<.........).#
................#
..............†.#
..........e@.).)#
........)....#5)...#
###..:.#.....#.###$#
##.........#.. #
#.##...?....5# #.
##....###(# .......
.# .##.... .?


You could see Dowan (fast) and a white imp.

Vanquished Creatures
  Pikel (D:5)
  Grinder (Sewer)
  Menkaure (D:5)
  Edmund (D:5)
  Duvessa (D:6)
  2 orc warriors
  2 ice beasts
  An ogre (D:5)
  2 phantoms
  Blork the orc (D:4)
  A kobold brigand (Sewer)
  A bullfrog (D:6)
  2 scorpions
  A wight (Sewer)
  A killer bee (D:5)
  7 hounds
  2 jellies
  2 sleepcaps (D:5)
  2 iguanas (D:5)
  9 adders
  3 gnolls (D:3)
  3 shadow imps (Sewer)
  A white imp (D:6)
  3 ufetubi
  An adder zombie (Sewer)
  2 worms
  A dart slug (D:3)
  13 orcs
  4 ball pythons
  11 endoplasms
  A giant cockroach (D:2)
  4 goblins
  2 hobgoblins
  8 jackals
  5 quokkas
  6 bats
  A frilled lizard (D:3)
  14 kobolds
  2 kobold zombies (Sewer)
  4 rats
130 creatures vanquished.

Notes
Turn   | Place    | Note
-------+----------+-------------------------------------------
     0 | D:1      | Pooter the Minotaur Fighter began the quest for the Orb.
     0 | D:1      | Reached XP level 1. HP: 19/19 MP: 0/0
   200 | D:1      | Found Daint's Weapon Shop.
   865 | D:2      | Found a blossoming altar of Fedhas.
   889 | D:2      | Reached skill level 3 in Axes
   911 | D:2      | Reached XP level 2. HP: 23/27 MP: 1/1
  1776 | D:2      | Reached XP level 3. HP: 32/33 MP: 2/2
  1789 | D:3      | Reached skill level 4 in Axes
  1887 | D:3      | Found a glowing drain.
  1899 | Sewer    | Entered a sewer
  1944 | Sewer    | Reached XP level 4. HP: 41/41 MP: 3/3
  2065 | Sewer    | Reached skill level 5 in Axes
  2066 | Sewer    | Reached XP level 5. HP: 35/47 MP: 4/4
  2071 | Sewer    | Reached skill level 5 in Fighting
  2130 | Sewer    | Found an ancient bone altar of Kikubaaqudgha.
  2149 | Sewer    | Reached skill level 6 in Axes
  2231 | Sewer    | Noticed Grinder
  2246 | Sewer    | Paralysed by Grinder for 3 turns
  2252 | Sewer    | Killed Grinder
  2253 | Sewer    | Reached skill level 7 in Axes
  2253 | Sewer    | Reached XP level 6. HP: 52/57 MP: 5/5
  2623 | D:3      | Reached XP level 7. HP: 38/63 MP: 6/6
  2866 | D:3      | Found a shimmering altar of Xom.
  2869 | D:3      | Found a shimmering altar of Xom.
  2869 | D:3      | Found a shimmering altar of Xom.
  2896 | D:3      | Found a shimmering altar of Xom.
  3013 | D:4      | Reached skill level 1 in Ranged Weapons
  3592 | D:4      | Noticed Blork the orc
  3600 | D:4      | Killed Blork the orc
  3601 | D:4      | Reached skill level 8 in Axes
  3827 | D:5      | Entered Level 5 of the Dungeon
  3920 | D:5      | Noticed Edmund
  3938 | D:5      | HP: 2/64 [Edmund/+4 flail of holy wrath (11)]
  3939 | D:5      | Killed Edmund
  4180 | D:5      | Noticed Menkaure
  4185 | D:5      | Killed Menkaure
  4186 | D:5      | Reached XP level 8. HP: 31/73 MP: 7/7
  4458 | D:5      | Found a staircase to the Ecumenical Temple.
  4467 | Temple   | Entered the Ecumenical Temple
  4476 | Temple   | Became a worshipper of Warmaster Okawaru
  4681 | D:5      | Found a hazy altar of Hepliaklqana.
  4691 | D:5      | Reached skill level 9 in Axes
  4782 | D:5      | Found a broken altar of Ashenzari.
  4967 | D:1      | Bought a +1 heavy war axe for 172 gold pieces
  5115 | D:5      | Reached skill level 5 in Ranged Weapons
  5129 | D:5      | Reached * piety under Okawaru
  5159 | D:5      | Reached skill level 10 in Axes
  5232 | D:5      | Noticed Pikel
  5241 | D:5      | Killed Pikel
  5242 | D:5      | Reached XP level 9. HP: 59/81 MP: 8/8
  5443 | D:6      | Noticed Duvessa
  5448 | D:6      | Killed Duvessa
  5448 | D:6      | Reached ** piety under Okawaru
  5448 | D:6      | Noticed Dowan
  5454 | D:6      | Killed from afar by a white imp

Illustrated notes

Levels and vault maps discovered:
D:1:      minmay_arrival_semitransparent, layout_loops_corners, serial_shops,
          nicolae_shop_advertising_works [nicolae_subvault_shop_adworks]
D:2:      layout_basic, basic_altar
D:3:      layout_rooms, xom_redecorated, portal_sewer_entry_d
D:4:      layout_loops_corners, uniq_blork_the_orc
D:5:      minmay_clustersquares, layout_gridville,
          mainiacjoe_overflow_large_starburst, minmay_temple_entry_butterflies,
          uniq_edmund, uniq_pikel, uniq_menkaure
D:6:      hangedman_cross_stitches, layout_rooms, grunt_ministairs_10,
          uniq_duvessa, uniq_prince_ribbit1
Temple:   hellmonk_temple_of_storms

Skill      XL: |  1  2  3  4  5  6  7  8  9 |
---------------+----------------------------+-----
Axes           | 3 4 5 7 8 10 | 10.9
Fighting       | 4 6 7 8 |  8.4
Ranged Weapons | 3 6 7 |  7.1
Armour         | |  3.6
Shields        | |  3.6

Action                     |  1- 3 |  4- 6 |  7- 9 || total
---------------------------+-------+-------+-------++-------
  Melee: War axe           |    59 |    65 |   166 ||   290
         Headbutt          |     9 |    12 |    24 ||    45
         Flail             |       |       |     6 ||     6
   Fire: Sling             |       |     6 |    17 ||    23
  Throw: Dart              |       |       |     5 ||     5
  Evoke: Wand              |       |       |     1 ||     1
    Use: Scroll            |     6 |       |       ||     6
         Potion            |       |     2 |     1 ||     3
 Armour: Scale mail        |    26 |    12 |       ||    38
         Chain mail        |       |    12 |    48 ||    60
         Plate armour      |       |       |    24 ||    24
  Dodge: Dodged            |    36 |    29 |    70 ||   135
  Block: Buckler           |    13 |    11 |    30 ||    54

Table legend: (Time is in decaauts)
 A = Elapsed time spent in this place.
 B = Non-inter-level travel time spent in this place.
 C = Inter-level travel time spent in this place.
 D = Time resting spent in this place.
 E = Time spent auto-exploring this place.
 F = Levels seen in this place.
 G = Mean time per level.
                   A        B        C        D        E       F      G
               +--------+--------+--------+--------+--------+-----+--------+
         Total |   5546 |   5205 |    341 |    683 |   3385 |   8 |  693.2 |
       Dungeon |   4947 |   4614 |    333 |    543 |   3172 |   6 |  824.5 |
        Temple |     18 |     10 |      8 |      0 |      0 |   1 |   18.0 |
         Sewer |    580 |    580 |      0 |    140 |    212 |   1 |  580.0 |
               +--------+--------+--------+--------+--------+-----+--------+

Top non-repeatable levels by time:
     D:5: 1183 daAuts
     D:4: 1158 daAuts
     D:2: 1007 daAuts
     D:1: 865 daAuts
     D:3: 682 daAuts
   Sewer: 580 daAuts
     D:6: 49 daAuts
  Temple: 18 daAuts
